 Dungeon Crawl Stone Soup version 0.30-a0-1114-gd936c97349 (console) character file.

Game seed: 14388106877792364121

4194 jejorda2 the Spear-Bearer (level 10, -10/114 HPs)
             Began as a Merfolk Berserker on Apr 20, 2023.
             Was a Priest of Trog.
             Mangled by a red ugly thing (15 damage)
             ... on level 9 of the Dungeon.
             The game lasted 00:16:03 (8966 turns).

jejorda2 the Spear-Bearer (Merfolk Berserker)       Turns: 8966, Time: 00:16:04

Health: -10/114    AC: 10    Str: 22    XL:     10   Next: 29%
Magic:  10/10      EV: 10    Int:  7    God:    Trog [***...]
Gold:   90         SH:  0    Dex: 13    Spells: 9/9 levels left

rFire   . . .      SeeInvis .    a - +1 halberd
rCold   . . .      Faith    +    (shield currently unavailable)
rNeg    . . .      Spirit   .    m - +2 scale mail {rPois}
rPois   +          Reflect  .    B - +2 hat
rElec   .          Rampage  .    (no cloak)
rCorr   .                        (no gloves)
Will    .....                    (no boots) Stlth
                                 y - amulet of faith
HPRegen 0.39/turn                (no ring)
MPRegen 0.12/turn                (no ring)

@: berserking, very quick
A: (nimble swimmer 2), mertail
a: Renounce Religion, Berserk, Trog's Hand


You were on level 9 of the Dungeon.
You worshipped Trog.
Trog was most pleased with you.
You visited 1 branch of the dungeon, and saw 9 of its levels.

You collected 359 gold pieces.
You spent 269 gold pieces at shops.

Inventory:

Hand Weapons
 a - a +1 halberd (weapon)
 i - a +3 spear
 k - a +0 trident
 w - a +4 short sword
Missiles
 b - 59 stones
 h - 2 boomerangs
 j - 3 datura-tipped darts
 q - 2 atropa-tipped darts
 z - 2 throwing nets
 E - a javelin (quivered)
 G - 6 poisoned darts
Armour
 m - a +2 scale mail of poison resistance (worn)
 B - a +2 hat (worn)
 F - a +1 chain mail of cold resistance
Jewellery
 y - an amulet of faith (around neck)
Wands
 s - a wand of flame (70)
 u - a wand of quicksilver (6)
 x - a wand of polymorph (11)
 C - a wand of roots (9)
Scrolls
 c - a scroll of butterflies
 e - 5 scrolls of teleportation
 n - 2 scrolls of blinking
 r - a scroll of magic mapping
 A - a scroll of immolation
 D - a scroll of enchant weapon
Potions
 d - 3 potions of heal wounds
 f - a potion of haste
 g - 2 potions of attraction
 l - a potion of invisibility
 o - 2 potions of might {unknown}
 p - 3 potions of curing
 t - a potion of flight {unknown}
 v - a potion of lignification


   Skills:
 - Level 6.0 Fighting
 * Level 14.9 Polearms
 + Level 4.2 Throwing
 - Level 2.6 Armour
 - Level 2.6 Dodging
 - Level 6.0 Evocations


You had 9 spell levels left.
You didn't know any spells.
Your spell library was empty.

Dungeon Overview and Level Annotations

Branches:
Dungeon (9/15)             Temple (0/1) D:4
   Lair: D:8-11         Orc: D:9-12

Altars:
Makhleb
Okawaru
Qazlal
Trog
Wu Jian
Xom

Shops:
D:6 [**


Innate Abilities, Weirdness & Mutations

((You are very nimble when in or above water. (Stealth+, EV+, Speed+++)))
Your lower body shifts to a powerful aquatic tail in water.


Message History

Aim: a centaur, wielding a +0 shortbow (about 26% to evade your +1 halberd)
You reach to attack!
You impale the centaur!!
You kill the centaur!
Trog accepts your kill.
G - a scroll labelled QONOATHROCEV
As you read the scroll labelled QONOATHROCEV, it crumbles to dust.
You hear a loud clanging noise!
It was a scroll of noise.
You hear a horrible gurgling sound!
You hear a bellow! x4
A red ugly thing comes into view.
You see here 6 poisoned darts.
G - 6 poisoned darts Throw: 2 darts (atropa)
Press: ? - help, Shift-Dir - straight line, f - red ugly thing
Aim: a red ugly thing (63% to hit, chance to blind on hit: 3%)
Okay, then.
Unknown command.
Throw: 2 javelins
Press: ? - help, Q - select action, (/) - cycle Shift-Dir - straight line, f - red ugly thing
Aim: a red ugly thing (63% to hit)
You throw a javelin.
The javelin pierces through the red ugly thing!!
The red ugly thing is moderately wounded.
A red film seems to cover your vision as you go berserk!
You feel yourself moving faster!
You feel mighty! The red ugly thing gores you!
You are engulfed in flames!!
You slice the red ugly thing!!
The red ugly thing is almost dead.
You closely miss the red ugly thing.
The red ugly thing is almost dead.
The red ugly thing gores you.
You are engulfed in flames!!
* * * LOW HITPOINT WARNING * * *
You hit the red ugly thing.
The red ugly thing is almost dead.
You closely miss the red ugly thing.
The red ugly thing is almost dead.
The red ugly thing gores you!
* * * LOW HITPOINT WARNING * * *
You are engulfed in flames!
You die...

+.............+ ##
#.............# <#
#.............# .#
#....)........#
.###.............#
..##..)......(...#
.................#
...............u.#
................@#
....##############
..... ...#.#
...#.# ...#..


You could see a red ugly thing.

Vanquished Creatures
  2 hornets
  A wyvern (D:9)
  Grum (D:8)
  Menkaure (D:6)
  Duvessa (D:7)
  2 sky beasts
  2 ice beasts
  A black bear (D:7)
  3 ogres
  2 wolves (D:8)
  4 centaurs
  A phantom (D:7)
  2 gnoll sergeants
  4 scorpions
  12 wights
  Dowan (D:7)
  5 howler monkeys
  3 hounds
  2 jellies
  An orc priest (D:8)
  3 sleepcaps
  3 orc wizards
  Natasha (thrice) (D:3)
  An iguana (D:5)
  17 gnolls
  8 adders
  3 shadow imps
  A worm (D:3)
  A dart slug (D:2)
  17 orcs
  11 ball pythons
  15 endoplasms
  A giant cockroach (D:3)
  7 goblins
  5 hobgoblins
  2 jackals (D:4)
  8 kobolds
  A quokka (D:4)
  4 bats
  5 frilled lizards
  8 rats
175 creatures vanquished.

Vanquished Creatures (others)
  A shadow imp (D:8)
  4 fungi (D:1)
  4 withered plants (D:9)
9 creatures vanquished.

Grand Total: 184 creatures vanquished

Notes
Turn   | Place    | Note
-------+----------+-------------------------------------------
     0 | D:1      | jejorda2 the Merfolk Berserker began the quest for the Orb.
     0 | D:1      | Reached XP level 1. HP: 18/18 MP: 1/1
   190 | D:1      | Reached XP level 2. HP: 24/24 MP: 2/2
   494 | D:1      | Reached ** piety under Trog
   607 | D:1      | Reached XP level 3. HP: 29/29 MP: 3/3
   959 | D:2      | Reached skill level 5 in Polearms
  1056 | D:2      | Reached XP level 4. HP: 31/37 MP: 4/4
  1314 | D:2      | Found an iron altar of Okawaru.
  1722 | D:2      | Reached skill level 6 in Polearms
  1722 | D:2      | Reached XP level 5. HP: 40/42 MP: 5/5
  2033 | D:3      | Found a shimmering altar of Xom.
  2265 | D:3      | Found a bloodstained altar of Trog.
  2267 | D:3      | Found a burning altar of Makhleb.
  2449 | D:3      | Noticed Natasha
  2454 | D:3      | Killed Natasha
  2543 | D:3      | Noticed Natasha
  2546 | D:3      | Reached *** piety under Trog
  2550 | D:3      | Killed Natasha
  2661 | D:3      | Noticed Natasha
  2673 | D:3      | Killed Natasha
  2674 | D:3      | Reached XP level 6. HP: 47/49 MP: 2/6
  2861 | D:3      | Found a shimmering altar of Xom.
  3204 | D:3      | Found a bloodstained altar of Trog.
  3206 | D:3      | Found a burning altar of Makhleb.
  3435 | D:4      | Found a staircase to the Ecumenical Temple.
  3499 | D:4      | Reached skill level 7 in Polearms
  3623 | D:4      | Found an ornate altar of the Wu Jian Council.
  4216 | D:5      | Entered Level 5 of the Dungeon
  4229 | D:5      | Reached skill level 5 in Fighting
  4229 | D:5      | Reached skill level 1 in Evocations
  4229 | D:5      | Reached XP level 7. HP: 56/56 MP: 5/7
  4365 | D:5      | Reached skill level 8 in Polearms
  4737 | D:5      | Reached skill level 9 in Polearms
  4757 | D:5      | Reached XP level 8. HP: 61/64 MP: 8/8
  5328 | D:6      | Found Intur's Antique Armour Emporium.
  5346 | D:6      | Bought a glowing chain mail for 240 gold pieces
  5493 | D:6      | Reached skill level 10 in Polearms
  5615 | D:6      | Found Mimal's Assorted Antiques.
  5646 | D:6      | Noticed Menkaure
  5656 | D:6      | Killed Menkaure
  5841 | D:6      | Reached skill level 11 in Polearms
  6083 | D:6      | Reached **** piety under Trog
  6094 | D:6      | Found Huiqor's General Store.
  6100 | D:6      | Bought 3 datura-tipped darts for 29 gold pieces
  6216 | D:6      | Reached XP level 9. HP: 58/69 MP: 7/9
  6395 | D:6      | Reached skill level 12 in Polearms
  6395 | D:6      | Reached skill level 5 in Evocations
  6997 | D:7      | Noticed Duvessa
  6997 | D:7      | Noticed Dowan
  7008 | D:7      | Killed Duvessa
  7009 | D:7      | Reached skill level 1 in Throwing
  7014 | D:7      | Killed Dowan
  7337 | D:7      | Noticed a hornet
  7346 | D:7      | Paralysed by a hornet for 3 turns
  7351 | D:7      | Killed a hornet
  7352 | D:7      | Reached skill level 13 in Polearms
  8096 | D:8      | Found a stormy altar of Qazlal.
  8132 | D:8      | Reached XP level 10. HP: 76/76 MP: 10/10
  8137 | D:8      | Reached skill level 14 in Polearms
  8237 | D:8      | Identified the +0 leather armour of Dazoq {Will+ Str+2
                  | Stlth-}
  8431 | D:8      | Noticed Grum
  8498 | D:8      | Killed Grum
  8952 | D:9      | Noticed a red ugly thing
  8966 | D:9      | HP: 5/114 [red ugly thing (9)]
  8966 | D:9      | Mangled by a red ugly thing

Illustrated notes

Levels and vault maps discovered:
D:1:      saegor_arrival_simple_e, layout_loops_ring, minmay_crystal_water,
          dreamdust_mushroom_princess, reono_crystal_passage,
          columned_hall_lemuel, minmay_three_crescents
D:2:      layout_loops_corners, basic_altar
D:3:      layout_loops_cross, nicolae_overflow_hidden_temple, st_stairs_5,
          uniq_natasha
D:4:      layout_basic, nicolae_wu_jian_wuxing_cycle,
          minmay_temple_entry_drinking_statues
D:5:      layout_basic
D:6:      layout_rooms, serial_shops, shop, nicolae_shop_window_shopping,
          nicolae_diamond_shop, uniq_menkaure
D:7:      lemuel_ice_spiral_2, layout_basic, uniq_duvessa
D:8:      layout_loops_ring, grunt_qazlal_clouds, uniq_grum
D:9:      layout_basic, kiku_gazebo_garden_becter

Skill      XL: |  1  2  3  4  5  6  7  8  9 10 |
---------------+-------------------------------+-----
Polearms       | 5 6 7 9 11 13 14 | 14.9
Armour         | 2 |  2.6
Fighting       | 4 5 6 |  6.0
Evocations     | 1 2 4 6 |  6.0
Throwing       | 3 4 |  4.2
Dodging        | |  2.6

Action                     |  1- 3 |  4- 6 |  7- 9 | 10-12 || total
---------------------------+-------+-------+-------+-------++-------
  Melee: Spear             |   121 |     3 |       |       ||   124
         Halberd           |       |   170 |   305 |    79 ||   554
  Throw: Stone             |     1 |     8 |     8 |       ||    17
         Javelin           |       |       |       |     1 ||     1
 Invoke: Berserk           |     1 |     2 |     7 |     3 ||    13
         Trog's Hand       |       |       |     3 |     1 ||     4
    Use: Scroll            |       |       |    20 |     1 ||    21
   Stab: Sleeping          |     1 |     1 |       |       ||     2
 Armour: Leather armour    |    18 |     3 |       |       ||    21
         Scale mail        |       |    71 |    78 |    25 ||   174
  Dodge: Dodged            |    43 |    72 |    81 |    33 ||   229

Table legend: (Time is in decaauts)
 A = Elapsed time spent in this place.
 B = Non-inter-level travel time spent in this place.
 C = Inter-level travel time spent in this place.
 D = Time resting spent in this place.
 E = Time spent auto-exploring this place.
 F = Levels seen in this place.
 G = Mean time per level.
                   A        B        C        D        E       F      G
               +--------+--------+--------+--------+--------+-----+--------+
         Total |   9064 |   8677 |    387 |    821 |   6369 |   9 | 1007.1 |
       Dungeon |   9064 |   8677 |    387 |    821 |   6369 |   9 | 1007.1 |
               +--------+--------+--------+--------+--------+-----+--------+

Top non-repeatable levels by time:
     D:7: 1579 daAuts
     D:3: 1369 daAuts
     D:6: 1200 daAuts
     D:5: 1157 daAuts
     D:2: 1013 daAuts
     D:4: 950 daAuts
     D:1: 906 daAuts
     D:8: 850 daAuts
     D:9: 36 daAuts
